 Dungeon Crawl Stone Soup version 0.22-a0-266-g5fdf0d7 (webtiles) character file.

34 tsouns the Vexing (level 3, 0/20 HPs)
             Began as a Kobold Arcane Marksman on Mar 8, 2018.
             Succumbed to an adder's poison
             ... on level 2 of the Dungeon.
             The game lasted 00:03:07 (1405 turns).

tsouns the Vexing (Kobold Arcane Marksman)          Turns: 1405, Time: 00:03:08

Health: 0/20       AC:  3    Str:  8    XL:     3   Next: 50%
Magic:  4/4        EV: 15    Int: 14    God:
Gold:   77         SH:  0    Dex: 15    Spells: 3/4 levels left

rFire    . . .     SeeInvis .   m - -3 short sword (curse)
rCold    . . .     Gourm    .   (shield restricted)
rNeg     . . .     Faith    .   e - +0 robe
rPois    .         Spirit   .   (no helmet)
rElec    .         Reflect  .   (no cloak)
rCorr    .         Harm     .   (no gloves)
MR       .....                  (no boots)
Stlth    +.........             (no amulet)
HPRegen  0.06/turn              i - +1 ring of protection
MPRegen  0.09/turn              (no ring)

@: lethally poisoned (0 -> -11)
A: small, carnivore
a: no special abilities


You were on level 2 of the Dungeon.
You were completely stuffed.

You visited 1 branch of the dungeon, and saw 2 of its levels.

You collected 77 gold pieces.

Inventory:

Hand Weapons
 a - a +0 hand crossbow
 j - a +0 short sword
 m - a cursed -3 short sword (weapon)
Missiles
 b - 10 stones (quivered)
 d - 19 bolts
 h - 5 tomahawks of dispersal
Armour
 e - a +0 robe (worn)
Jewellery
 i - a +1 ring of protection (left hand)
Scrolls
 c - a scroll of identify
Comestibles
 f - 3 rations


   Skills:
 + Level 1.4 Fighting
 + Level 0.8 Short Blades
 + Level 3.3 Crossbows
 - Level 2.5 Dodging
 + Level 0.3 Stealth
 - Level 1.1 Spellcasting
 - Level 3.5 Hexes


You had 3 spell levels left.
You knew the following spells:

 Your Spells              Type           Power        Failure   Level  Hunger
a - Corona                Hex            ##.....      6%          1    ##.....


Dungeon Overview and Level Annotations

Branches:
Dungeon (2/15)

Altars:


Innate Abilities, Weirdness & Mutations

You are small and have problems with some larger weapons.
You are carnivorous and can eat meat at any time.


Message History

You hit the adder but do no damage.
The adder is severely wounded.
The adder closely misses you.
You barely miss the adder.
The adder is severely wounded.
The adder bites you.
* * * LOW HITPOINT WARNING * * *
You hit the adder but do no damage.
The adder is severely wounded.
You feel sick. The adder bites you.
* * * LOW HITPOINT WARNING * * *
You hit the adder.
The adder is almost dead.
The adder bites you.
* * * LOW HITPOINT WARNING * * *
You are more poisoned.
The adder poisons you! The adder barely misses you.
You hit the adder but do no damage.
The adder is almost dead.
You die...

#.. #.. #.# #.#
#.# #.####
#######....# [#
#.......##.# .#
#.#####<##@# .#
#.#.#S## .# #.#
#...# .# ##
#.#..###.#
#.##......##
............#
######(...........
#############


You could see an adder.

Vanquished Creatures
  A dart slug (D:1)
  A leopard gecko (D:1)
  A bat (D:1)
  2 giant cockroaches (D:1)
  8 goblins (D:1)
  3 hobgoblins (D:1)
  4 jackals (D:1)
  3 kobolds (D:1)
  6 rats (D:1)
29 creatures vanquished.

Notes
Turn   | Place    | Note
-------+----------+-------------------------------------------
     0 | D:1      | tsouns the Kobold Arcane Marksman began the quest for the Orb.
     0 | D:1      | Reached XP level 1. HP: 12/12 MP: 2/2
    58 | D:1      | Reached XP level 2. HP: 15/16 MP: 3/3
   398 | D:1      | Reached XP level 3. HP: 18/20 MP: 4/4
  1404 | D:2      | HP: 1/20 [adder (1)]
  1405 | D:2      | Succumbed to an adder's poison

Vault maps used:
D:1:      dpeg_arrival_rhombi

Skill      XL: |  1  2 |
---------------+-------+-----
Crossbows      | 3 |  3.3
Fighting       | |  1.4
Short Blades   | |  0.8
Dodging        | |  2.5
Stealth        | |  0.3
Spellcasting   | |  1.1
Hexes          | |  3.5

Action                   || total
-------------------------++-------
Melee: Club              ||    10
       Short sword       ||   103
 Fire: Hand crossbow     ||    40
Throw: Stone             ||     1
  Use: Scroll            ||     3
       Potion            ||     1
 Stab: Sleeping          ||     1
  Eat: Chunk             ||    10
Armor: Robe              ||    22
Dodge: Dodged            ||    87

Table legend:
 A = Spawn XP
 B = Non-spawn XP
 C = Spawn XP percentage of total XP
 D = Spawn monster count
 E = Non-spawn monster count
 F = Spawn count percentage of total count
 G = Total turns spent on level
                    A         B        C        D         E        F      G
               +---------+---------+-------+---------+---------+-------+---------
         Total |       0 |      49 |   0.0 |       0 |      29 |   0.0 |  1405
               +---------+---------+-------+---------+---------+-------+---------
           D:1 |       0 |      49 |   0.0 |       0 |      29 |   0.0 |  1357
               +---------+---------+-------+---------+---------+-------+---------
